General information
- name: BNet
- type: Ladder team game (AT/RT)
- host: Battle.net
- saver: HoneyBlunt
map: Friends
- players: 8
- length: 44:33
- speed: Fast
- version: 1.24 W3XP
- replay type: Public
» download(326 KB)
Players
team 1 (winner)
HoneyBlunt (
green | 88 APM | 3920 actions | 44:32)
10 Tauren Chieftain
3 War Stomp
3 Endurance Aura
1 Reincarnation
3 Shockwave
» actions
| Assign group hotkey | 63 | |
| Basic commands | 165 | |
| Build / train | 125 | |
| ESC pressed | 1 | |
| Enter build submenu | 36 | |
| Enter hero's abilities submenu | 10 | |
| Give item / drop item | 2 | |
| Remove unit from queue | 2 | |
| Right click | 2047 | |
| Select / deselect | 477 | |
| Select group hotkey | 742 | |
| Use ability | 250 | |
3920 total
» units
| Peon | 17 | |
| Grunt | 9 | |
| Tauren | 27 | |
| Spirit Walker | 9 | |
| Troll Witch Doctor | 19 | |
81 total
» upgrades
| Melee Weapons | 2 | |
| Armor | 3 | |
| Berserker Strength | 1 | |
| Reinforced Defenses | 1 | |
| Pulverize | 1 | |
| Spirit Walker Training | 2 | |
| Witch Doctor Training | 2 | |
12 total
» buildings
| Orc Burrow | 11 | |
| War Mill | 3 | |
| Barracks | 1 | |
| Altar of Storms | 2 | |
| Voodoo Lounge | 2 | |
| Stronghold | 4 | |
| Fortress | 1 | |
| Tauren Totem | 2 | |
| Spirit Lodge | 1 | |
| Great Hall | 1 | |
| Watch Tower | 11 | |
39 total
» build order
00:35 Orc Burrow
00:44 War Mill
00:51 War Mill
01:02 Barracks
01:11 Altar of Storms
01:53 Orc Burrow
02:18 Voodoo Lounge
03:29 Stronghold
03:29 Stronghold
04:31 Orc Burrow
04:33 Orc Burrow
05:54 Fortress
08:21 Tauren Totem
08:22 Tauren Totem
08:34 Orc Burrow
10:16 Spirit Lodge
14:09 Orc Burrow
15:43 Orc Burrow
17:39 Voodoo Lounge
18:01 Great Hall
24:39 Orc Burrow
25:50 Altar of Storms
31:55 War Mill
37:19 Orc Burrow
38:21 Orc Burrow
38:52 Orc Burrow
40:28 Watch Tower
40:29 Watch Tower
40:32 Watch Tower
40:35 Watch Tower
40:40 Watch Tower
40:42 Watch Tower
40:52 Watch Tower
41:02 Watch Tower
42:01 Watch Tower
42:02 Watch Tower
42:05 Watch Tower
» items
| Rod of Necromancy | 1 | |
| Scroll of Town Portal | 6 | |
| Scroll of Regeneration | 2 | |
| Lesser Clarity Potion | 1 | |
| Healing Salve | 2 | |
| Scroll of Speed | 1 | |
| Orb of Lightning | 1 | |
14 total

»
madeinquebec (
purple | 37 APM | 1659 actions | 44:31)
8 Death Knight
3 Death Coil
3 Unholy Aura
1 Animate Dead
1 Death Pact
5 Dreadlord
2 Sleep
3 Vampiric Aura
» actions
| Assign group hotkey | 31 | |
| Basic commands | 49 | |
| Build / train | 92 | |
| Enter build submenu | 29 | |
| Enter hero's abilities submenu | 13 | |
| Remove unit from queue | 2 | |
| Right click | 800 | |
| Select / deselect | 476 | |
| Select group hotkey | 81 | |
| Use ability | 86 | |
1659 total
» units
| Acolyte | 10 | |
| Ghoul | 13 | |
| Crypt Fiend | 9 | |
| Frost Wyrm | 17 | |
| Gargoyle | 4 | |
53 total
» upgrades
| Freezing Breath | 1 | |
| Creature Attack | 3 | |
| Creature Carapace | 3 | |
7 total
» buildings
| Altar of Darkness | 1 | |
| Crypt | 1 | |
| Ziggurat | 12 | |
| Graveyard | 1 | |
| Tomb of Relics | 1 | |
| Halls of the Dead | 1 | |
| Spirit Tower | 5 | |
| Black Citadel | 1 | |
| Sacrificial Pit | 1 | |
| Boneyard | 2 | |
| Nerubian Tower | 2 | |
| Necropolis | 2 | |
30 total
» build order
00:08 Altar of Darkness
00:15 Crypt
00:31 Ziggurat
01:09 Graveyard
02:09 Ziggurat
02:24 Tomb of Relics
02:33 Ziggurat
04:25 Halls of the Dead
04:27 Spirit Tower
07:12 Black Citadel
07:26 Sacrificial Pit
09:19 Spirit Tower
09:23 Spirit Tower
09:43 Boneyard
10:15 Boneyard
10:46 Ziggurat
10:48 Ziggurat
14:03 Ziggurat
14:06 Ziggurat
16:14 Nerubian Tower
19:01 Ziggurat
19:57 Ziggurat
19:59 Ziggurat
21:32 Nerubian Tower
27:50 Necropolis
33:34 Necropolis
36:16 Ziggurat
37:45 Spirit Tower
38:04 Ziggurat
40:26 Spirit Tower
» items
| Scroll of Town Portal | 4 | |
| Orb of Corruption | 1 | |
5 total
Zweibel (
orange | 62 APM | 2746 actions | 44:31)
8 Archmage
3 Summon Water Elemental
3 Brilliance Aura
1 Mass Teleport
1 Blizzard
7 Blood Mage
3 Flame Strike
1 Siphon Mana
2 Banish
1 Summon Phoenix
6 Mountain King
3 Storm Bolt
2 Bash
1 Avatar
» actions
| Assign group hotkey | 57 | |
| Basic commands | 289 | |
| Build / train | 146 | |
| ESC pressed | 7 | |
| Enter build submenu | 39 | |
| Enter hero's abilities submenu | 22 | |
| Remove unit from queue | 2 | |
| Right click | 515 | |
| Select / deselect | 597 | |
| Select group hotkey | 872 | |
| Use ability | 200 | |
2746 total
» units
| Peasant | 39 | |
| Footman | 2 | |
| Rifleman | 5 | |
| Mortar Team | 6 | |
| Priest | 8 | |
| Siege Engine | 6 | |
| Spell Breaker | 2 | |
| Knight | 1 | |
| Peon | 6 | |
| Troll Batrider | 5 | |
80 total
» upgrades
| Gunpowder | 3 | |
| Flare | 1 | |
| Priest Training | 2 | |
| Masonry | 2 | |
| Fragmentation Shards | 1 | |
| Barrage | 1 | |
| Plating | 3 | |
| Lumber Harvesting | 1 | |
| Armor | 1 | |
15 total
» buildings
| Altar of Kings | 1 | |
| Farm | 12 | |
| Barracks | 1 | |
| Lumber Mill | 2 | |
| Arcane Vault | 2 | |
| Blacksmith | 1 | |
| Scout Tower | 10 | |
| Arcane Tower | 3 | |
| Keep | 1 | |
| Guard Tower | 5 | |
| Workshop | 6 | |
| Arcane Sanctum | 2 | |
| Castle | 1 | |
| Town Hall | 1 | |
| Stronghold | 1 | |
49 total
» build order
00:04 Altar of Kings
00:23 Farm
00:55 Barracks
01:04 Farm
01:28 Lumber Mill
01:50 Arcane Vault
01:55 Arcane Vault
02:25 Blacksmith
02:49 Scout Tower
02:50 Scout Tower
02:53 Farm
03:25 Arcane Tower
03:30 Scout Tower
03:34 Scout Tower
03:38 Keep
04:08 Arcane Tower
04:10 Guard Tower
05:04 Farm
05:06 Farm
05:46 Scout Tower
05:51 Scout Tower
06:44 Scout Tower
06:51 Workshop
06:53 Workshop
07:16 Guard Tower
07:32 Arcane Sanctum
08:37 Guard Tower
08:41 Scout Tower
09:22 Guard Tower
10:19 Castle
11:53 Farm
11:55 Farm
11:57 Farm
12:00 Farm
12:26 Farm
13:04 Arcane Sanctum
13:24 Scout Tower
13:29 Farm
14:13 Arcane Tower
14:16 Scout Tower
15:36 Guard Tower
15:37 Farm
16:10 Town Hall
20:33 Lumber Mill
28:28 Workshop
37:19 Stronghold
39:46 Workshop
39:48 Workshop
39:50 Workshop
» items
| Scroll of Regeneration | 2 | |
| Lesser Clarity Potion | 1 | |
| Mana Stone | 1 | |
| Scroll of Town Portal | 3 | |
| Orb of Fire | 2 | |
| Potion of Healing | 2 | |
| Orb of Corruption | 1 | |
12 total
zugthis (
red | 37 APM | 1102 actions | 30:10)
5 Blademaster
2 Wind Walk
3 Critical Strike
» actions
| Assign group hotkey | 17 | |
| Build / train | 52 | |
| Enter build submenu | 28 | |
| Enter hero's abilities submenu | 5 | |
| Remove unit from queue | 3 | |
| Right click | 395 | |
| Select / deselect | 320 | |
| Select group hotkey | 171 | |
| Use ability | 109 | |
1102 total
» units
| Peon | 20 | |
| Grunt | 7 | |
| Troll Batrider | 6 | |
33 total
» upgrades
» buildings
| Altar of Storms | 2 | |
| Orc Burrow | 10 | |
| Barracks | 1 | |
| War Mill | 1 | |
| Stronghold | 1 | |
| Watch Tower | 7 | |
| Fortress | 1 | |
| Voodoo Lounge | 1 | |
| Beastiary | 3 | |
| Great Hall | 1 | |
28 total
» build order
00:33 Altar of Storms
00:39 Orc Burrow
01:08 Barracks
02:03 Orc Burrow
02:35 War Mill
04:03 Stronghold
04:07 Watch Tower
04:13 Orc Burrow
04:26 Watch Tower
04:53 Watch Tower
08:39 Orc Burrow
09:39 Watch Tower
09:41 Watch Tower
13:15 Orc Burrow
13:17 Orc Burrow
13:29 Watch Tower
13:34 Watch Tower
15:00 Fortress
15:40 Voodoo Lounge
17:40 Beastiary
17:43 Beastiary
17:47 Beastiary
18:31 Orc Burrow
19:06 Orc Burrow
19:08 Orc Burrow
24:43 Altar of Storms
27:11 Great Hall
27:15 Orc Burrow
» items
| Scourge Bone Chimes | 1 | |
| Rod of Necromancy | 1 | |
| Potion of Healing | 3 | |
| Orb of Lightning | 1 | |
| Healing Salve | 1 | |
7 total
team 2 (loser)

»
Eyes.Of.Ice (
yellow | 56 APM | 2467 actions | 44:19)
8 Death Knight
3 Death Coil
3 Unholy Aura
1 Animate Dead
1 Death Pact
5 Lich
3 Frost Nova
2 Dark Ritual
6 Dark Ranger
3 Black Arrow
2 Silence
1 Charm
» actions
| Basic commands | 20 | |
| Build / train | 90 | |
| ESC pressed | 1 | |
| Enter build submenu | 20 | |
| Enter hero's abilities submenu | 21 | |
| Give item / drop item | 2 | |
| Remove unit from queue | 1 | |
| Right click | 1527 | |
| Select / deselect | 626 | |
| Use ability | 159 | |
2467 total
» units
| Acolyte | 7 | |
| Ghoul | 2 | |
| Crypt Fiend | 6 | |
| Frost Wyrm | 15 | |
| Goblin Zeppelin | 2 | |
| Gargoyle | 1 | |
33 total
» upgrades
| Creature Attack | 3 | |
| Creature Carapace | 3 | |
| Web | 1 | |
| Freezing Breath | 1 | |
8 total
» buildings
| Crypt | 1 | |
| Graveyard | 1 | |
| Altar of Darkness | 1 | |
| Ziggurat | 8 | |
| Tomb of Relics | 1 | |
| Nerubian Tower | 1 | |
| Halls of the Dead | 1 | |
| Black Citadel | 1 | |
| Sacrificial Pit | 1 | |
| Boneyard | 3 | |
| Necropolis | 1 | |
20 total
» build order
00:06 Crypt
00:21 Graveyard
00:45 Altar of Darkness
00:57 Ziggurat
01:27 Tomb of Relics
01:38 Ziggurat
02:34 Nerubian Tower
04:44 Halls of the Dead
04:47 Ziggurat
05:18 Ziggurat
08:01 Black Citadel
08:08 Sacrificial Pit
10:42 Boneyard
10:44 Boneyard
10:50 Boneyard
12:42 Ziggurat
12:44 Ziggurat
12:46 Ziggurat
12:52 Ziggurat
33:09 Necropolis
» items
| Rod of Necromancy | 1 | |
| Dust of Appearance | 1 | |
| Scroll of Regeneration | 3 | |
| Lesser Clarity Potion | 1 | |
| Scroll of Town Portal | 6 | |
| Orb of Corruption | 2 | |
| Potion of Healing | 4 | |
| Scroll of Healing | 2 | |
| Potion of Mana | 2 | |
| Potion of Divinity | 1 | |
23 total

»
F00Lat (
teal | 85 APM | 3761 actions | 44:01)
7 Crypt Lord
3 Impale
3 Spiked Carapace
1 Locust Swarm
» actions
| Assign group hotkey | 43 | |
| Basic commands | 155 | |
| Build / train | 95 | |
| Enter build submenu | 15 | |
| Enter hero's abilities submenu | 7 | |
| Give item / drop item | 3 | |
| Right click | 796 | |
| Select / deselect | 365 | |
| Select group hotkey | 2211 | |
| Use ability | 71 | |
3761 total
» units
| Acolyte | 3 | |
| Ghoul | 11 | |
| Necromancer | 14 | |
| Meatwagon | 1 | |
| Abomination | 21 | |
| Goblin Zeppelin | 2 | |
52 total
» upgrades
| Unholy Strength | 3 | |
| Unholy Armor | 3 | |
| Necromancer Training | 2 | |
| Skeletal Longevity | 1 | |
| Skeletal Mastery | 1 | |
| Disease Cloud | 1 | |
| Exhume Corpses | 1 | |
| Cannibalize | 1 | |
| Ghoul Frenzy | 1 | |
14 total
» buildings
| Ziggurat | 7 | |
| Altar of Darkness | 1 | |
| Crypt | 1 | |
| Graveyard | 1 | |
| Tomb of Relics | 1 | |
| Halls of the Dead | 1 | |
| Nerubian Tower | 2 | |
| Black Citadel | 1 | |
| Temple of the Damned | 2 | |
| Slaughterhouse | 2 | |
19 total
» build order
00:58 Ziggurat
01:00 Altar of Darkness
01:03 Crypt
01:09 Graveyard
01:20 Ziggurat
01:55 Ziggurat
02:43 Tomb of Relics
03:23 Halls of the Dead
03:37 Ziggurat
03:42 Nerubian Tower
04:54 Nerubian Tower
06:05 Black Citadel
06:10 Temple of the Damned
07:20 Temple of the Damned
12:25 Slaughterhouse
17:55 Slaughterhouse
19:17 Ziggurat
25:56 Ziggurat
28:52 Ziggurat
» items
| Lesser Clarity Potion | 2 | |
| Scroll of Regeneration | 3 | |
| Scroll of Town Portal | 5 | |
| Belt of Giant Strength +6 | 3 | |
| Scourge Bone Chimes | 2 | |
| Sobi Mask | 1 | |
| Boots of Quel'Thalas +6 | 1 | |
17 total
Ryuuzaki(L) (
pink | 59 APM | 2596 actions | 44:07)
6 Blood Mage
3 Flame Strike
2 Siphon Mana
1 Summon Phoenix
5 Archmage
3 Blizzard
2 Brilliance Aura
» actions
| Assign group hotkey | 49 | |
| Basic commands | 5 | |
| Build / train | 114 | |
| ESC pressed | 5 | |
| Enter build submenu | 29 | |
| Enter hero's abilities submenu | 14 | |
| Right click | 1391 | |
| Select / deselect | 521 | |
| Select group hotkey | 303 | |
| Use ability | 165 | |
2596 total
» units
| Peasant | 30 | |
| Footman | 17 | |
| Rifleman | 4 | |
| Forest Troll Shadow Priest | 1 | |
| Gryphon Rider | 2 | |
| Knight | 11 | |
| Dragonhawk Rider | 9 | |
| Spell Breaker | 1 | |
75 total
» upgrades
| Defend | 1 | |
| Storm Hammers | 1 | |
| Animal War Training | 1 | |
| Plating | 3 | |
| Swords | 2 | |
8 total
» buildings
| Altar of Kings | 1 | |
| Farm | 13 | |
| Lumber Mill | 3 | |
| Barracks | 2 | |
| Scout Tower | 1 | |
| Arcane Tower | 2 | |
| Arcane Vault | 1 | |
| Blacksmith | 1 | |
| Keep | 1 | |
| Castle | 1 | |
| Gryphon Aviary | 2 | |
| Town Hall | 2 | |
| Arcane Sanctum | 2 | |
32 total
» build order
00:10 Altar of Kings
00:19 Farm
00:50 Lumber Mill
00:58 Barracks
01:34 Farm
01:38 Scout Tower
02:06 Arcane Tower
02:16 Farm
02:53 Barracks
03:02 Farm
03:30 Arcane Vault
04:16 Farm
04:50 Farm
07:19 Blacksmith
09:21 Keep
09:47 Farm
13:55 Castle
13:58 Gryphon Aviary
14:00 Gryphon Aviary
19:32 Farm
19:37 Farm
20:38 Farm
24:00 Town Hall
36:37 Town Hall
38:31 Arcane Sanctum
38:32 Arcane Sanctum
41:25 Farm
41:28 Farm
42:24 Lumber Mill
44:01 Farm
44:02 Lumber Mill
» items
| Lesser Clarity Potion | 2 | |
| Scroll of Regeneration | 4 | |
| Potion of Healing | 5 | |
| Scroll of Town Portal | 2 | |
13 total
Night_Elf (
blue | 67 APM | 2977 actions | 44:31)
8 Keeper of the Grove
3 Entangling Roots
3 Thorns Aura
1 Tranquility
1 Force of Nature
3 Priestess of the Moon
2 Trueshot Aura
1 Searing Arrows
» actions
| Assign group hotkey | 61 | |
| Basic commands | 300 | |
| Build / train | 84 | |
| Enter build submenu | 19 | |
| Enter hero's abilities submenu | 11 | |
| Right click | 1188 | |
| Select / deselect | 412 | |
| Select group hotkey | 817 | |
| Use ability | 85 | |
2977 total
» units
| Wisp | 18 | |
| Huntress | 9 | |
| Chimaera | 19 | |
| Druid of the Claw | 8 | |
54 total
» upgrades
| Strength of the Wild | 3 | |
| Corrosive Breath | 1 | |
| Reinforced Hides | 3 | |
| Druid of the Claw Training | 2 | |
| Mark of the Claw | 1 | |
10 total
» buildings
| Altar of Elders | 1 | |
| Moon Well | 8 | |
| Hunter's Hall | 1 | |
| Ancient of War | 2 | |
| Tree of Ages | 1 | |
| Ancient of Wind | 1 | |
| Tree of Eternity | 1 | |
| Chimaera Roost | 2 | |
| Ancient of Lore | 2 | |
| Tree of Life | 2 | |
21 total
» build order
00:11 Altar of Elders
00:20 Moon Well
01:36 Hunter's Hall
01:43 Ancient of War
02:03 Ancient of War
02:19 Moon Well
02:34 Moon Well
05:36 Tree of Ages
08:25 Ancient of Wind
09:25 Tree of Eternity
09:38 Moon Well
10:04 Moon Well
10:06 Moon Well
11:57 Chimaera Roost
11:58 Chimaera Roost
12:41 Moon Well
32:13 Ancient of Lore
32:17 Ancient of Lore
38:10 Tree of Life
38:26 Moon Well
42:18 Tree of Life
» items
| Scroll of Town Portal | 4 | |
| Potion of Healing | 1 | |
5 total
Chat log
(00:14 / Allies) Zweibel: poke
(00:16 / Allies) HoneyBlunt: TC GRUNT
(00:42 / Allies) Zweibel: units red?
(00:51 / Allies) zugthis: umm what we need
(00:57 / Allies) madeinquebec: wyrm ^^
(01:13 / Allies) Zweibel: ill go rifle mort
(01:16 / Allies) Zweibel: magic
(04:07 / Allies) madeinquebec: tecvh
(04:14 / Allies) madeinquebec: hit blue
(05:36 / All) F00Lat: hope ur ready for this for ur harass
(05:56 / All) Night_Elf: gj
(05:57 / Allies) madeinquebec: tp
(05:58 / Allies) Zweibel: burrow
(06:01 / Allies) Zweibel: repair
(06:02 / Allies) Zweibel: repair
(07:53 / Allies) madeinquebec: use tower
(07:59 / Allies) madeinquebec: bhero qweak
(09:52 / Allies) Zweibel: rep
(10:29 / Allies) madeinquebec: b
(11:57 / Allies) zugthis: i got nothin
(12:15 / Allies) HoneyBlunt: \plz ccc
(12:17 / Allies) madeinquebec: yes
(16:22 / Allies) HoneyBlunt: TP
(17:22 / All) Zweibel: lol teal give up on the necs
(17:26 / All) Zweibel: that shit lost last game
(17:49 / Allies) HoneyBlunt: meet 2 heal
(18:06 / Allies) Zweibel: gotta pick up a tp
(18:09 / Allies) zugthis: like my scourge chimes
(18:58 / Allies) HoneyBlunt: ud
(18:59 / Allies) HoneyBlunt: no
(19:00 / Allies) HoneyBlunt: no
(19:03 / Allies) Zweibel: stop purp
(19:06 / Allies) HoneyBlunt: this was mine man i chop thui
(19:23 / Allies) Zweibel: have flar
(19:23 / Allies) Zweibel: e
(19:26 / Allies) Zweibel: no need to spend
(19:58 / Allies) HoneyBlunt: we loast our aa
(20:03 / Allies) Zweibel: gtfo
(20:10 / Allies) madeinquebec: had to tp
(20:16 / Allies) madeinquebec: gold plz
(20:18 / Allies) Zweibel: making tanks.....
(20:51 / Allies) zugthis: gold?
(21:54 / Allies) Zweibel: fuck purp
(21:56 / Allies) Zweibel: fucking killing me
(22:49 / Allies) zugthis: 200 gold
(23:19 / Allies) zugthis: 200 pls
(23:59 / Allies) zugthis: no tp
(24:49 / Allies) zugthis: 200 more?
(24:54 / All) F00Lat: nice feeding w/ 3 heros, no wonder my hero still lvl 5
(25:18 / Allies) Zweibel: what
(25:23 / Allies) zugthis: peons
(25:25 / Allies) zugthis: gold
(25:28 / Allies) Zweibel: ty
(25:34 / All) F00Lat: yellow got 3 fucking heroes, and ur complaining their CT lvl 8
(25:38 / Allies) zugthis: got nothin better to do
(25:53 / Allies) Zweibel: k where to
(26:02 / Allies) Zweibel: expo there
(26:06 / Allies) zugthis: they kill this altar im done
(26:12 / Allies) HoneyBlunt: meet
(26:18 / Allies) Zweibel: rebuild red
(26:32 / Allies) HoneyBlunt: gj
(26:35 / Allies) madeinquebec: wtf
(28:09 / Allies) Zweibel: b
(28:10 / Allies) Zweibel: gtfo
(29:08 / Allies) madeinquebec: gold plz
(29:41 / Allies) Zweibel: better bring your asses
(29:44 / Allies) HoneyBlunt: we need to meet
(29:53 / Allies) Zweibel: tp green
(30:02 / Allies) HoneyBlunt: im all melee
(30:10 / Allies) Zweibel: thats why we're losing
(30:57 / All) Night_Elf: OMFG
(31:12 / Allies) HoneyBlunt: moce
(31:13 / Allies) Zweibel: move
(31:17 / Allies) Zweibel: PURP
(31:21 / Allies) HoneyBlunt: purp
(31:24 / All) F00Lat: they has tanks and u keep getting air, nice...
(32:25 / Allies) Zweibel: i can tp now
(32:32 / Allies) HoneyBlunt: i need one
(32:42 / Allies) Zweibel: lets go purp
(32:44 / Allies) Zweibel: clear it out
(32:53 / Allies) HoneyBlunt: carefil
(33:25 / All) Night_Elf: epic game btw
(33:35 / All) Night_Elf: very well played all around
(33:40 / Allies) Zweibel: wtf purp
(33:43 / Allies) Zweibel: you're pissing me off
(33:56 / All) madeinquebec: damn pink!
(34:02 / All) madeinquebec: lol
(34:30 / Allies) Zweibel: brt
(34:50 / Allies) madeinquebec: all met
(34:52 / Allies) madeinquebec: meet now
(34:58 / Allies) Zweibel: no need to meet i can tp
(35:05 / All) Eyes.Of.Ice: i dnt do gang bangs
(35:54 / Allies) madeinquebec: tp
(36:26 / All) Zweibel: lol gj teal
(36:33 / All) F00Lat: ty
(37:03 / Allies) HoneyBlunt: come on
(37:33 / Allies) Zweibel: mass bats with red
(37:58 / Allies) madeinquebec: all meet to hiw
(38:04 / Allies) HoneyBlunt: whrere
(38:27 / Allies) HoneyBlunt: wtf man
(38:36 / Allies) Zweibel: just attack somewhere
(38:37 / Allies) madeinquebec: all go everyone
(38:37 / Allies) Zweibel: i will tp to you
(38:57 / Allies) Zweibel: wood me
(39:08 / Allies) Zweibel: ty
(39:39 / Allies) Zweibel: wipe em out
(39:42 / Allies) Zweibel: leave my base die
(40:11 / Allies) madeinquebec: t^p now!
(40:15 / Allies) Zweibel: nononon
(40:21 / Allies) Zweibel: tp to green
(40:22 / Allies) Zweibel: green tower up
(40:44 / Allies) madeinquebec: go move on fast
(41:06 / Allies) Zweibel: leave it
(41:19 / Allies) Zweibel: we tp to green
(41:21 / Allies) Zweibel: got it?
(41:23 / Allies) HoneyBlunt: k
(41:35 / Allies) Zweibel: expo or main?
(41:39 / Allies) HoneyBlunt: main
(41:40 / Allies) madeinquebec: both
(42:23 / Allies) madeinquebec: tp?
(42:36 / Allies) madeinquebec: okay
(42:40 / Allies) Zweibel: now
(43:49 / All) Night_Elf: yellow....i guess wanted to be mia that time
(44:01 / All) HoneyBlunt: he wanted my main
(44:05 / All) Zweibel: yellows a hero
(44:07 / All) Night_Elf: hes stupid
(44:09 / All) Zweibel: who loses games for his team
(44:22 / All) Night_Elf: gg..my first loss
(44:23 / Allies) Zweibel: gold and wood me plz
(44:27 / All) Zweibel: gg all
(44:27 / All) Night_Elf: 8-1***
(44:30 / All) Zweibel: tanks win it